NULL
Full Scoreboard »»

Lightning vs Red Wings

Created - May 15, 2024 at 20:11

Goals
1 2 3 T
Lightning 2 1 0 3
Red Wings 2 1 4 7
Shots
1 2 3 T
Lightning 12 6 6 24
Red Wings 13 16 17 46

GoalsPenalties
1st period
1. Lightning , Adam Fox 16 (Alex Tuch 37, Martin Necas 36) at 2:43 (PP)
2. Red Wings , Drake Batherson 29 (Brayden Point 51) at 12:01
3. Red Wings , Ryan Johansen 25 (Kevin Hayes 32) at 14:10 (PP)
4. Lightning , Warren Foegele 6 (Duncan Keith 17, Dalibor Dvorsky 23) at 15:38
Charlie McAvoy (DET) for Slashing (Minor) at 2:35
Ryan Johansen (DET) for Diving (Minor) at 4:35
Duncan Keith (TBL) for Hooking (Minor) at 13:50
Luke Evangelista (DET) for Fighting (Major) at 16:15
Jeff Carter (TBL) for Fighting (Major) at 16:15
Jeff Carter (TBL) for instigated a fight (Minor) at 16:15
Jeff Carter (TBL) for instigated a fight (10 Minutes Misconduct) at 16:15
2nd period
5. Lightning , Adam Fox 17 (Vladislav Namestnikov 23) at 3:00
6. Red Wings , Nicolas Roy 14 (Charlie McAvoy 46, Torey Krug 28) at 5:37
Nicolas Roy (DET) for Roughing (Minor) at 10:25
3rd period
7. Red Wings , Mario Ferraro 3 (Kevin Hayes 33, Ilya Mikheyev 20) at 1:25 (PP)
8. Red Wings , Luke Evangelista 12 (Nicolas Roy 13, Daniel Sprong 13) at 13:25
9. Red Wings , Drake Batherson 30 (Kevin Hayes 34, Logan Couture 35) at 17:37
10. Red Wings , Ilya Mikheyev 20 (Ryan Johansen 33, Kevin Hayes 35) at 19:30 (PP)
Jakob Silfverberg (TBL) for Tripping (Minor) at 0:52
Martin Necas (TBL) for Holding (Minor) at 2:30
Artem Zub (DET) for Tripping (Minor) at 15:27
Erik Cernak (TBL) for High sticking (Minor) at 18:19
Charlie McAvoy (DET) for Fighting (Major) at 19:47
Jeff Carter (TBL) for Fighting (Major) at 19:47
Goalie Stats
Jack Campbell (TBL), 39 saves from 46 shots - (0.848), L, 11-5-2, 60:00 minutes
John Gibson (DET), 21 saves from 24 shots - (0.875), W, 34-13-7, 60:00 minutes
3 StarsOfficial
1 - Drake Batherson (DET)
2 - Kevin Hayes (DET)
3 - Nicolas Roy (DET)
Referees : Unknown
Linesman : Unknown
Game Note
Luke Evangelista beats up Jeff Carter at 16:15 of 1st period
Jeff Carter beats up Charlie McAvoy at 19:47 of 3rd period



Team Name Goals Shots Shots Attemp Shots Blocked PIM HIT PP PK FO%
Lightning 324462030211 / 4 (25%)345%
Red Wings 74690818343 / 5 (60%)155%

Lightning
Player Name POS G A P +/- PIM HIT SHT SB MP PP MP PP SHT PK MP PK SHT FO% FOT GA TA
Adam FoxD202-1025324:143:2913:0600% 000
Alex SteevesC000000007:340:3800:0000% 100
Alex TuchLW/RW0110012221:163:0002:41056% 910
Ben ChiarotD000-1010415:570:0000:3900% 000
Casey CizikasC/LW/RW000001006:320:0600:3400% 000
Dalibor DvorskyC011-1018120:092:5923:08053% 1912
Duncan KeithD0110221120:232:3602:5200% 011
Erik CernakD0000210219:522:3602:2100% 000
Jakob SilfverbergC/LW/RW000-1210215:390:0000:000100% 100
Jeff CarterC/RW00002210111:422:2800:0000% 001
Luke SchennD000100002:530:0000:0000% 000
Martin NecasC/LW/RW0110230021:093:0001:41039% 2312
Matt GrzelcykD000-1000015:180:0000:0000% 001
Rafael Harvey-PinardLW/RW000-1031115:420:0600:00050% 201
Victor HedmanD000-2001221:213:2903:0600% 000
Vladislav NamestnikovC/LW/RW011-1002017:160:0000:52144% 911
Warren FoegeleC/LW/RW101-1012116:462:5900:0000% 110
William CarrierLW000-1032020:092:5913:0800% 200
Red Wings
Player Name POS G A P +/- PIM HIT SHT SB MP PP MP PP SHT PK MP PK SHT FO% FOT GA TA
Artem ZubD0000200121:043:5502:0900% 000
Brayden PointC/RW0111053019:582:2812:59063% 2720
Charlie McAvoyD0112716022:212:0702:2700% 003
Daniel SprongLW/RW0111058114:050:0000:0000% 010
Drake BathersonC/LW/RW2022032019:132:2802:55033% 320
Ilya MikheyevLW/RW1120022116:003:3410:00050% 210
Jordan GreenwayLW/RW000-101206:580:0000:000100% 100
Kevin HayesC/LW/RW0441012019:063:3412:55062% 1300
Logan CoutureC/LW0111001018:552:2802:5900% 012
Luke EvangelistaRW1011522013:460:0000:110100% 100
Mario FerraroD1010023222:263:5513:3000% 000
Matt BenningD0001021016:310:0001:2900% 000
Nicolas RoyC/RW1121244014:190:0000:00047% 1701
Philip TomasinoLW/RW000-100306:580:0000:0000% 000
Ryan JohansenC/RW1120213016:433:3410:0000% 120
Samuel HonzekC/LW000-102207:400:0000:1100% 200
Torey KrugD0112011222:432:0702:3500% 000
Travis HamonicD0000021115:030:0000:0000% 000

Lightning

5 vs 5 Forward
Line #Left WingCenterRight WingPHYDFOFWanted %Time %Time Play
1Alex TuchMartin NecasJeff Carter1223031%14:44
2William CarrierDalibor DvorskyWarren Foegele1223029%14:02
3Rafael Harvey-PinardVladislav NamestnikovJakob Silfverberg1223032%15:24
4Alex TuchCasey CizikasMartin Necas122108%3:43
5 vs 5 Defense
Line #DefenseDefensePHYDFOFWanted %Time %Time Play
1Adam FoxVictor Hedman1223031%14:46
2Erik CernakDuncan Keith1223031%14:56
3Matt GrzelcykBen Chiarot1223032%15:18
4Luke SchennAdam Fox122106%2:53
Power Play Forward
Line #Left WingCenterRight WingPHYDFOFWanted %Time %Time Play
1Alex TuchMartin NecasJeff Carter1225051%3:06
2William CarrierDalibor DvorskyWarren Foegele1225049%2:59
Power Play Defense
Line #DefenseDefensePHYDFOFWanted %Time %Time Play
1Adam FoxVictor Hedman1225057%3:29
2Erik CernakDuncan Keith1225043%2:36
Penalty Kill 4 Players Forward
Line #CenterWingPHYDFOFWanted %Time %Time Play
1Alex TuchMartin Necas1225048%2:54
2Dalibor DvorskyWilliam Carrier1225052%3:08
Penalty Kill 4 Players Defense
Line #DefenseDefensePHYDFOFWanted %Time %Time Play
1Adam FoxVictor Hedman1225051%3:06
2Erik CernakDuncan Keith1225049%2:56
Penalty Kill 3 Players
Line #WingPHYDFOFWanted %Time %Time PlayDefenseDefensePHYDFOFWanted %Time %Time Play
1Alex Tuch122500%0:00 Adam FoxVictor Hedman122500%0:00
2Martin Necas122500%0:00 Erik CernakDuncan Keith122500%0:00
4 vs 4 Forward
Line #CenterWingPHYDFOFWanted %Time %Time Play
1Alex TuchMartin Necas122500%0:00
2Dalibor DvorskyWilliam Carrier122500%0:00
4 vs 4 Defense
Line #DefensePHYDFOFWanted %Time %Time Play
1Adam FoxVictor Hedman122500%0:00
2Erik CernakDuncan Keith122500%0:00
Last Minutes Offensive
Left WingCenterRight WingDefenseDefense
Alex TuchMartin NecasJeff CarterAdam FoxVictor Hedman
Last Minutes Defensive
Left WingCenterRight WingDefenseDefense
Alex TuchMartin NecasJeff CarterAdam FoxVictor Hedman
Time
Total ForwardTotal DefenseLast Minutes OffensiveLast Minutes Defensive
60:00 60:00 0:000:00
Extra Forwards
Normal PowerPlayPenalty Kill
Alex Steeves, Rafael Harvey-Pinard, Vladislav NamestnikovAlex Steeves, Rafael Harvey-PinardVladislav Namestnikov
Extra Defensemen
Normal PowerPlayPenalty Kill
Matt Grzelcyk, Ben Chiarot, Luke SchennMatt Grzelcyk, Ben ChiarotLuke Schenn
Penalty Shots
Alex Tuch, Martin Necas, Dalibor Dvorsky, William Carrier, Jeff Carter
Goalie
Jack Campbell, Alexei Kolosov
Custom OT Lines Forwards
Alex Tuch, Martin Necas, Dalibor Dvorsky, William Carrier, Jeff Carter, Warren Foegele, Rafael Harvey-Pinard, Vladislav Namestnikov, Jakob Silfverberg, Casey Cizikas
Custom OT Lines Defensemen
Adam Fox, Victor Hedman, Erik Cernak, Duncan Keith, Matt Grzelcyk
Scratches
Alex Chiasson (Strained Left Knee Injury), Aleksandr Kisakov (Healthy), Linus Ullmark (Healthy)

Red Wings

5 vs 5 Forward
Line #Left WingCenterRight WingPHYDFOFWanted %Time %Time Play
1Logan CoutureBrayden PointDrake Batherson1223028%13:29
2Ilya MikheyevKevin HayesRyan Johansen1223028%13:21
3Daniel SprongNicolas RoyLuke Evangelista1223029%14:05
4Philip TomasinoSamuel HonzekJordan Greenway1221015%6:58
5 vs 5 Defense
Line #DefenseDefensePHYDFOFWanted %Time %Time Play
1Charlie McAvoyTorey Krug1223031%14:59
2Mario FerraroArtem Zub1223031%15:01
3Travis HamonicMatt Benning1223031%14:51
4Charlie McAvoyTorey Krug122106%3:02
Power Play Forward
Line #Left WingCenterRight WingPHYDFOFWanted %Time %Time Play
1Logan CoutureBrayden PointDrake Batherson1225041%2:28
2Ilya MikheyevKevin HayesRyan Johansen1225059%3:34
Power Play Defense
Line #DefenseDefensePHYDFOFWanted %Time %Time Play
1Charlie McAvoyTorey Krug1225035%2:07
2Mario FerraroArtem Zub1225065%3:55
Penalty Kill 4 Players Forward
Line #CenterWingPHYDFOFWanted %Time %Time Play
1Brayden PointLogan Couture1225052%3:08
2Drake BathersonKevin Hayes1225048%2:57
Penalty Kill 4 Players Defense
Line #DefenseDefensePHYDFOFWanted %Time %Time Play
1Charlie McAvoyTorey Krug1225042%2:35
2Mario FerraroArtem Zub1225058%3:30
Penalty Kill 3 Players
Line #WingPHYDFOFWanted %Time %Time PlayDefenseDefensePHYDFOFWanted %Time %Time Play
1Brayden Point122500%0:00 Charlie McAvoyTorey Krug122500%0:00
2Logan Couture122500%0:00 Mario FerraroArtem Zub122500%0:00
4 vs 4 Forward
Line #CenterWingPHYDFOFWanted %Time %Time Play
1Brayden PointLogan Couture122500%0:00
2Drake BathersonKevin Hayes122500%0:00
4 vs 4 Defense
Line #DefensePHYDFOFWanted %Time %Time Play
1Charlie McAvoyTorey Krug122500%0:00
2Mario FerraroArtem Zub122500%0:00
Last Minutes Offensive
Left WingCenterRight WingDefenseDefense
Logan CoutureBrayden PointDrake BathersonCharlie McAvoyTorey Krug
Last Minutes Defensive
Left WingCenterRight WingDefenseDefense
Logan CoutureBrayden PointDrake BathersonCharlie McAvoyTorey Krug
Time
Total ForwardTotal DefenseLast Minutes OffensiveLast Minutes Defensive
60:00 60:00 0:000:00
Extra Forwards
Normal PowerPlayPenalty Kill
Nicolas Roy, Daniel Sprong, Luke EvangelistaNicolas Roy, Daniel SprongLuke Evangelista
Extra Defensemen
Normal PowerPlayPenalty Kill
Travis Hamonic, Matt Benning, Mario FerraroTravis Hamonic, Matt BenningMario Ferraro
Penalty Shots
Brayden Point, Logan Couture, Drake Batherson, Kevin Hayes, Ryan Johansen
Goalie
John Gibson, Casey Desmith
Custom OT Lines Forwards
Brayden Point, Logan Couture, Drake Batherson, Kevin Hayes, Ryan Johansen, Nicolas Roy, Ilya Mikheyev, Daniel Sprong, Luke Evangelista, Samuel Honzek
Custom OT Lines Defensemen
Charlie McAvoy, Torey Krug, Mario Ferraro, Artem Zub, Travis Hamonic
Scratches
Jack Drury (Healthy), Jake Muzzin (Healthy), Arseni Sergeev (Healthy)


Play-by-Play

1st period


0:01 of 1st period - Brayden Point wins face-off versus Martin Necas in neutral zone.
0:05 of 1st period - Icing by Jeff Carter.
0:06 of 1st period - Brayden Point wins face-off versus Martin Necas in Lightning zone.
0:13 of 1st period - Alex Tuch is hit by Torey Krug and loses puck.
0:54 of 1st period - Slapshot by Adam Fox.
0:54 of 1st period - Stopped by John Gibson with a rebound.
0:56 of 1st period - Slapshot by Vladislav Namestnikov.
0:56 of 1st period - Shot Misses the Net.
1:33 of 1st period - Snap shot by Dalibor Dvorsky.
1:33 of 1st period - Stopped by John Gibson with a rebound.
1:35 of 1st period - Slapshot by Matt Grzelcyk.
1:35 of 1st period - Shot Misses the Net.
1:51 of 1st period - Vladislav Namestnikov is hit by Matt Benning and loses puck.
1:58 of 1st period - Travis Hamonic is hit by Duncan Keith and loses puck.
2:09 of 1st period - Ryan Johansen is hit by Alex Tuch and loses puck.
2:35 of 1st period - Minor Penalty to Charlie McAvoy for Slashing.
2:36 of 1st period - Martin Necas wins face-off versus Brayden Point in Red Wings zone.
2:37 of 1st period - Snap shot by Alex Tuch.
2:37 of 1st period - Shot Misses the Net.
2:39 of 1st period - Slapshot by Adam Fox.
2:39 of 1st period - Shot Misses the Net.
2:41 of 1st period - Slapshot by Adam Fox.
2:41 of 1st period - Shot Blocked by Torey Krug.
2:43 of 1st period - Wrist shot by Adam Fox.
2:43 of 1st period - Deflect By Torey Krug.
2:43 of 1st period - Goal by Adam Fox - Lightning : 1 - Red Wings : 0.
2:44 of 1st period - Martin Necas wins face-off versus Nicolas Roy in neutral zone.
2:44 of 1st period - Martin Necas is hit by Nicolas Roy.
2:52 of 1st period - Jeff Carter is hit by Daniel Sprong and loses puck.
2:57 of 1st period - Slapshot by Daniel Sprong.
2:57 of 1st period - Stopped by Jack Campbell with a rebound.
3:14 of 1st period - Wrist shot by Vladislav Namestnikov.
3:14 of 1st period - Deflect By Jakob Silfverberg.
3:14 of 1st period - Shot Misses the Net.
3:14 of 1st period - Puck is out of play.
3:15 of 1st period - Dalibor Dvorsky wins face-off versus Brayden Point in Red Wings zone.
3:20 of 1st period - Snap shot by Dalibor Dvorsky.
3:20 of 1st period - Stopped by John Gibson with a rebound.
3:26 of 1st period - Slapshot by Brayden Point.
3:26 of 1st period - Stopped by Jack Campbell with a rebound.
3:28 of 1st period - Slapshot by Charlie McAvoy.
3:28 of 1st period - Stopped by Jack Campbell with a rebound.
3:42 of 1st period - Rafael Harvey-Pinard is hit by Ryan Johansen and loses puck.
4:11 of 1st period - Duncan Keith is hit by Travis Hamonic and loses puck.
4:24 of 1st period - Snap shot by Warren Foegele.
4:24 of 1st period - Stopped by John Gibson with a rebound.
4:26 of 1st period - Snap shot by William Carrier.
4:26 of 1st period - Stopped by John Gibson without a rebound.
4:27 of 1st period - Dalibor Dvorsky wins face-off versus Ryan Johansen in Red Wings zone.
4:35 of 1st period - Minor Penalty to Ryan Johansen for Diving.
4:36 of 1st period - Drake Batherson wins face-off versus Dalibor Dvorsky in Red Wings zone.
4:36 of 1st period - Drake Batherson is hit by Dalibor Dvorsky.
4:46 of 1st period - Icing by Victor Hedman.
4:47 of 1st period - Brayden Point wins face-off versus Dalibor Dvorsky in Lightning zone.
4:56 of 1st period - Snap shot by Logan Couture.
4:56 of 1st period - Shot Hit the Post.
5:22 of 1st period - Wrist shot by Drake Batherson.
5:22 of 1st period - Shot Misses the Net.
5:32 of 1st period - Artem Zub is hit by Martin Necas.
5:44 of 1st period - Artem Zub is hit by Adam Fox and loses puck.
5:55 of 1st period - Martin Necas is hit by Brayden Point and loses puck.
6:10 of 1st period - William Carrier is hit by Kevin Hayes and loses puck.
6:35 of 1st period - Penalty to Ryan Johansen is over, Ryan Johansen is back on ice.
6:39 of 1st period - Torey Krug is hit by Casey Cizikas and loses puck.
8:30 of 1st period - Logan Couture is hit by Rafael Harvey-Pinard and loses puck.
9:39 of 1st period - Slapshot by Charlie McAvoy.
9:39 of 1st period - Shot Misses the Net.
10:13 of 1st period - Duncan Keith is hit by Nicolas Roy and loses puck.
10:21 of 1st period - Icing by Vladislav Namestnikov.
10:22 of 1st period - Jordan Greenway wins face-off versus Martin Necas in Lightning zone.
10:23 of 1st period - Wrist shot by Samuel Honzek.
10:23 of 1st period - Stopped by Jack Campbell with a rebound.
10:27 of 1st period - Backhand shot by Jordan Greenway.
10:27 of 1st period - Stopped by Jack Campbell with a rebound.
10:33 of 1st period - Snap shot by Philip Tomasino.
10:33 of 1st period - Stopped by Jack Campbell without a rebound.
10:34 of 1st period - Dalibor Dvorsky wins face-off versus Brayden Point in Lightning zone.
10:41 of 1st period - Snap shot by Warren Foegele.
10:41 of 1st period - Deflect By Dalibor Dvorsky.
10:41 of 1st period - Stopped by John Gibson with a rebound.
10:43 of 1st period - Snap shot by William Carrier.
10:43 of 1st period - Shot Misses the Net.
10:47 of 1st period - Wrist shot by Dalibor Dvorsky.
10:47 of 1st period - Stopped by John Gibson with a rebound.
10:49 of 1st period - Slapshot by Warren Foegele.
10:49 of 1st period - Shot Misses the Net.
11:06 of 1st period - Snap shot by Alex Tuch.
11:06 of 1st period - Stopped by John Gibson with a rebound.
11:08 of 1st period - Snap shot by Alex Tuch.
11:08 of 1st period - Deflect By Martin Necas.
11:08 of 1st period - Shot Hit the Post.
11:08 of 1st period - Puck is out of play.
11:09 of 1st period - Nicolas Roy wins face-off versus Rafael Harvey-Pinard in Red Wings zone.
11:24 of 1st period - Snap shot by Nicolas Roy.
11:24 of 1st period - Stopped by Jack Campbell with a rebound.
11:34 of 1st period - Kevin Hayes is hit by William Carrier and loses puck.
11:43 of 1st period - Slapshot by Ilya Mikheyev.
11:43 of 1st period - Deflect By Ryan Johansen.
11:43 of 1st period - Shot Misses the Net.
11:43 of 1st period - Puck is out of play.
11:44 of 1st period - Nicolas Roy wins face-off versus Martin Necas in Lightning zone.
11:49 of 1st period - Wrist shot by Luke Evangelista.
11:49 of 1st period - Deflect By Daniel Sprong.
11:49 of 1st period - Stopped by Jack Campbell with a rebound.
11:51 of 1st period - Slapshot by Artem Zub.
11:51 of 1st period - Shot Blocked by Adam Fox.
11:53 of 1st period - Snap shot by Nicolas Roy.
11:53 of 1st period - Stopped by Jack Campbell with a rebound.
11:55 of 1st period - Slapshot by Mario Ferraro.
11:55 of 1st period - Shot Blocked by Jeff Carter.
11:57 of 1st period - Snap shot by Nicolas Roy.
11:57 of 1st period - Shot Misses the Net.
11:59 of 1st period - Wrist shot by Nicolas Roy.
11:59 of 1st period - Stopped by Jack Campbell without a rebound.
12:00 of 1st period - Brayden Point wins face-off versus Dalibor Dvorsky in Lightning zone.
12:01 of 1st period - Wrist shot by Drake Batherson.
12:01 of 1st period - Goal by Drake Batherson - Lightning : 1 - Red Wings : 1.
12:02 of 1st period - Brayden Point wins face-off versus Dalibor Dvorsky in neutral zone.
12:05 of 1st period - Slapshot by Logan Couture.
12:05 of 1st period - Shot Blocked by Victor Hedman.
12:32 of 1st period - Victor Hedman is hit by Daniel Sprong and loses puck.
13:37 of 1st period - Jakob Silfverberg is hit by Drake Batherson.
13:50 of 1st period - Minor Penalty to Duncan Keith for Hooking.
13:51 of 1st period - Alex Tuch wins face-off versus Brayden Point in Lightning zone.
14:04 of 1st period - Wrist shot by Brayden Point.
14:04 of 1st period - Shot Misses the Net.
14:06 of 1st period - Slapshot by Brayden Point.
14:06 of 1st period - Stopped by Jack Campbell without a rebound.
14:07 of 1st period - Kevin Hayes wins face-off versus Alex Tuch in Lightning zone.
14:10 of 1st period - Backhand shot by Ryan Johansen.
14:10 of 1st period - Goal by Ryan Johansen - Lightning : 1 - Red Wings : 2.
14:11 of 1st period - Nicolas Roy wins face-off versus Martin Necas in neutral zone.
14:11 of 1st period - Nicolas Roy is hit by Erik Cernak.
14:17 of 1st period - Icing by Duncan Keith.
14:18 of 1st period - Martin Necas wins face-off versus Nicolas Roy in Lightning zone.
14:18 of 1st period - Martin Necas is hit by Daniel Sprong.
14:29 of 1st period - Icing by Alex Tuch.
14:30 of 1st period - Kevin Hayes wins face-off versus Martin Necas in Lightning zone.
14:52 of 1st period - Charlie McAvoy is hit by Jeff Carter.
15:22 of 1st period - Off-side.
15:23 of 1st period - Nicolas Roy wins face-off versus Dalibor Dvorsky in neutral zone.
15:34 of 1st period - Wrist shot by Warren Foegele.
15:34 of 1st period - Shot Blocked by Daniel Sprong.
15:36 of 1st period - Wrist shot by Duncan Keith.
15:36 of 1st period - Shot Misses the Net.
15:38 of 1st period - Slapshot by Warren Foegele.
15:38 of 1st period - Goal by Warren Foegele - Lightning : 2 - Red Wings : 2.
15:39 of 1st period - Brayden Point wins face-off versus Vladislav Namestnikov in neutral zone.
15:54 of 1st period - Snap shot by Brayden Point.
15:54 of 1st period - Shot Blocked by Adam Fox.
16:12 of 1st period - Slapshot by Adam Fox.
16:12 of 1st period - Deflect By Warren Foegele.
16:12 of 1st period - Shot Misses the Net.
16:12 of 1st period - Puck is out of play.
16:13 of 1st period - Luke Evangelista wins face-off versus Martin Necas in Red Wings zone.
16:15 of 1st period - Luke Evangelista beats up Jeff Carter.
16:15 of 1st period - Penalty to Luke Evangelista for Fighting.
16:15 of 1st period - Penalty to Jeff Carter for Fighting.
16:15 of 1st period - Penalty to Jeff Carter for instigated a fight.
16:15 of 1st period - Penalty to Jeff Carter for instigated a fight.
16:16 of 1st period - Kevin Hayes wins face-off versus Alex Tuch in neutral zone.
18:15 of 1st period - Penalty to Jeff Carter is over, Vladislav Namestnikov is send on ice.
18:27 of 1st period - Slapshot by Vladislav Namestnikov.
18:27 of 1st period - Stopped by John Gibson with a rebound.
18:29 of 1st period - Slapshot by Duncan Keith.
18:29 of 1st period - Stopped by John Gibson without a rebound.
18:30 of 1st period - Nicolas Roy wins face-off versus Vladislav Namestnikov in Red Wings zone.
18:30 of 1st period - Nicolas Roy is hit by Rafael Harvey-Pinard.
18:56 of 1st period - Matt Benning is hit by Martin Necas and loses puck.
19:45 of 1st period - Adam Fox is hit by Daniel Sprong and loses puck.
Goals for this period are 2 for Lightning vs 2 for Red Wings.
Shots for this period are 12 for Lightning vs 13 for Red Wings.

2nd period


0:01 of 2nd period - Brayden Point wins face-off versus Dalibor Dvorsky in neutral zone.
0:22 of 2nd period - Dalibor Dvorsky is hit by Brayden Point and loses puck.
0:37 of 2nd period - Wrist shot by Martin Necas.
0:37 of 2nd period - Shot Blocked by Torey Krug.
0:55 of 2nd period - Rafael Harvey-Pinard is hit by Brayden Point and loses puck.
2:52 of 2nd period - Icing by Charlie McAvoy.
2:53 of 2nd period - Rafael Harvey-Pinard wins face-off versus Samuel Honzek in Red Wings zone.
2:58 of 2nd period - Slapshot by Adam Fox.
2:58 of 2nd period - Stopped by John Gibson without a rebound.
2:59 of 2nd period - Vladislav Namestnikov wins face-off versus Samuel Honzek in Red Wings zone.
3:00 of 2nd period - Slapshot by Adam Fox.
3:00 of 2nd period - Deflect By Philip Tomasino.
3:00 of 2nd period - Goal by Adam Fox - Lightning : 3 - Red Wings : 2.
3:01 of 2nd period - Brayden Point wins face-off versus Dalibor Dvorsky in neutral zone.
3:06 of 2nd period - Slapshot by Torey Krug.
3:06 of 2nd period - Shot Misses the Net.
3:08 of 2nd period - Slapshot by Logan Couture.
3:08 of 2nd period - Shot Misses the Net.
3:37 of 2nd period - Off-side.
3:38 of 2nd period - Nicolas Roy wins face-off versus Martin Necas in neutral zone.
3:38 of 2nd period - Nicolas Roy is hit by Ben Chiarot.
3:48 of 2nd period - Snap shot by Daniel Sprong.
3:48 of 2nd period - Stopped by Jack Campbell without a rebound.
3:49 of 2nd period - Kevin Hayes wins face-off versus Vladislav Namestnikov in Lightning zone.
4:02 of 2nd period - Slapshot by Victor Hedman.
4:02 of 2nd period - Deflect By Ryan Johansen.
4:02 of 2nd period - Stopped by John Gibson with a rebound.
4:18 of 2nd period - Snap shot by Nicolas Roy.
4:18 of 2nd period - Shot Blocked by Rafael Harvey-Pinard.
4:20 of 2nd period - Snap shot by Daniel Sprong.
4:20 of 2nd period - Stopped by Jack Campbell with a rebound.
4:29 of 2nd period - Icing by Adam Fox.
4:30 of 2nd period - Brayden Point wins face-off versus Vladislav Namestnikov in Lightning zone.
4:56 of 2nd period - Martin Necas is hit by Mario Ferraro and loses puck.
5:05 of 2nd period - Snap shot by Ilya Mikheyev.
5:05 of 2nd period - Stopped by Jack Campbell with a rebound.
5:17 of 2nd period - Wrist shot by Dalibor Dvorsky.
5:17 of 2nd period - Stopped by John Gibson with a rebound.
5:19 of 2nd period - Snap shot by Duncan Keith.
5:19 of 2nd period - Shot Blocked by Travis Hamonic.
5:21 of 2nd period - Snap shot by Dalibor Dvorsky.
5:21 of 2nd period - Stopped by John Gibson without a rebound.
5:22 of 2nd period - Dalibor Dvorsky wins face-off versus Nicolas Roy in Red Wings zone.
5:37 of 2nd period - Slapshot by Nicolas Roy.
5:37 of 2nd period - Goal by Nicolas Roy - Lightning : 3 - Red Wings : 3.
5:38 of 2nd period - Martin Necas wins face-off versus Brayden Point in neutral zone.
7:03 of 2nd period - Brayden Point is hit by William Carrier and loses puck.
7:20 of 2nd period - Wrist shot by Brayden Point.
7:20 of 2nd period - Shot Blocked by Alex Tuch.
7:22 of 2nd period - Snap shot by Luke Evangelista.
7:22 of 2nd period - Shot Blocked by Erik Cernak.
7:24 of 2nd period - Snap shot by Nicolas Roy.
7:24 of 2nd period - Shot Blocked by Alex Tuch.
7:26 of 2nd period - Snap shot by Luke Evangelista.
7:26 of 2nd period - Stopped by Jack Campbell with a rebound.
7:28 of 2nd period - Slapshot by Daniel Sprong.
7:28 of 2nd period - Stopped by Jack Campbell with a rebound.
7:30 of 2nd period - Slapshot by Mario Ferraro.
7:30 of 2nd period - Deflect By Alex Tuch.
7:30 of 2nd period - Stopped by Jack Campbell without a rebound.
7:31 of 2nd period - Dalibor Dvorsky wins face-off versus Brayden Point in Lightning zone.
8:02 of 2nd period - Snap shot by Vladislav Namestnikov.
8:02 of 2nd period - Shot Misses the Net.
8:27 of 2nd period - Wrist shot by Philip Tomasino.
8:27 of 2nd period - Stopped by Jack Campbell with a rebound.
9:01 of 2nd period - Martin Necas is hit by Brayden Point and loses puck.
9:06 of 2nd period - Wrist shot by Logan Couture.
9:06 of 2nd period - Shot Blocked by Erik Cernak.
9:40 of 2nd period - Snap shot by Ilya Mikheyev.
9:40 of 2nd period - Shot Hit the Post.
9:42 of 2nd period - Backhand shot by Kevin Hayes.
9:42 of 2nd period - Shot Blocked by Dalibor Dvorsky.
9:44 of 2nd period - Wrist shot by Kevin Hayes.
9:44 of 2nd period - Shot Blocked by Ben Chiarot.
9:54 of 2nd period - Snap shot by Samuel Honzek.
9:54 of 2nd period - Shot Blocked by Ben Chiarot.
9:56 of 2nd period - Wrist shot by Jordan Greenway.
9:56 of 2nd period - Stopped by Jack Campbell with a rebound.
10:04 of 2nd period - Wrist shot by Philip Tomasino.
10:04 of 2nd period - Stopped by Jack Campbell with a rebound.
10:06 of 2nd period - Slapshot by Matt Benning.
10:06 of 2nd period - Deflect By Matt Grzelcyk.
10:06 of 2nd period - Stopped by Jack Campbell without a rebound.
10:07 of 2nd period - Martin Necas wins face-off versus Nicolas Roy in Lightning zone.
10:07 of 2nd period - Martin Necas is hit by Luke Evangelista.
10:15 of 2nd period - Slapshot by Charlie McAvoy.
10:15 of 2nd period - Deflect By Adam Fox.
10:15 of 2nd period - Stopped by Jack Campbell without a rebound.
10:16 of 2nd period - Martin Necas wins face-off versus Nicolas Roy in Lightning zone.
10:23 of 2nd period - Slapshot by Adam Fox.
10:23 of 2nd period - Shot Misses the Net.
10:25 of 2nd period - Minor Penalty to Nicolas Roy for Roughing.
10:26 of 2nd period - Alex Tuch wins face-off versus Drake Batherson in Red Wings zone.
10:27 of 2nd period - Snap shot by Martin Necas.
10:27 of 2nd period - Shot Blocked by Artem Zub.
10:29 of 2nd period - Slapshot by Erik Cernak.
10:29 of 2nd period - Deflect By Alex Tuch.
10:29 of 2nd period - Shot Blocked by Mario Ferraro.
10:29 of 2nd period - Puck is out of play.
10:30 of 2nd period - Martin Necas wins face-off versus Drake Batherson in Red Wings zone.
11:15 of 2nd period - 10 Minutes Misconduct Penalty to Jeff Carter is over.
12:19 of 2nd period - Duncan Keith is hit by Samuel Honzek.
12:25 of 2nd period - Penalty to Nicolas Roy is over, Nicolas Roy is back on ice.
13:51 of 2nd period - Wrist shot by Samuel Honzek.
13:51 of 2nd period - Shot Misses the Net.
13:53 of 2nd period - Wrist shot by Philip Tomasino.
13:53 of 2nd period - Deflect By Samuel Honzek.
13:53 of 2nd period - Stopped by Jack Campbell with a rebound.
14:05 of 2nd period - Matt Benning is hit by Rafael Harvey-Pinard and loses puck.
14:25 of 2nd period - Slapshot by Logan Couture.
14:25 of 2nd period - Stopped by Jack Campbell without a rebound.
14:26 of 2nd period - Nicolas Roy wins face-off versus Alex Tuch in Lightning zone.
15:34 of 2nd period - Dalibor Dvorsky is hit by Charlie McAvoy and loses puck.
15:45 of 2nd period - Wrist shot by Philip Tomasino.
15:45 of 2nd period - Shot Misses the Net.
16:37 of 2nd period - Wrist shot by Kevin Hayes.
16:37 of 2nd period - Shot Misses the Net.
16:39 of 2nd period - Slapshot by Ryan Johansen.
16:39 of 2nd period - Stopped by Jack Campbell with a rebound.
16:53 of 2nd period - Victor Hedman is hit by Travis Hamonic and loses puck.
19:24 of 2nd period - Wrist shot by Kevin Hayes.
19:24 of 2nd period - Shot Misses the Net.
19:26 of 2nd period - Slapshot by Kevin Hayes.
19:26 of 2nd period - Stopped by Jack Campbell without a rebound.
19:27 of 2nd period - Vladislav Namestnikov wins face-off versus Brayden Point in Lightning zone.
19:27 of 2nd period - Jakob Silfverberg is hit by Brayden Point and loses puck.
19:38 of 2nd period - Slapshot by Rafael Harvey-Pinard.
19:38 of 2nd period - Stopped by John Gibson with a rebound.
Goals for this period are 1 for Lightning vs 1 for Red Wings.
Shots for this period are 6 for Lightning vs 16 for Red Wings.

3rd period


0:01 of 3rd period - Ilya Mikheyev wins face-off versus Martin Necas in neutral zone.
0:08 of 3rd period - Snap shot by Ilya Mikheyev.
0:08 of 3rd period - Shot Blocked by Duncan Keith.
0:52 of 3rd period - Minor Penalty to Jakob Silfverberg for Tripping.
0:53 of 3rd period - Brayden Point wins face-off versus Martin Necas in Lightning zone.
1:07 of 3rd period - Wrist shot by Brayden Point.
1:07 of 3rd period - Shot Misses the Net.
1:23 of 3rd period - Wrist shot by Kevin Hayes.
1:23 of 3rd period - Stopped by Jack Campbell with a rebound.
1:25 of 3rd period - Slapshot by Mario Ferraro.
1:25 of 3rd period - Goal by Mario Ferraro - Lightning : 3 - Red Wings : 4.
1:26 of 3rd period - Martin Necas wins face-off versus Kevin Hayes in neutral zone.
1:26 of 3rd period - Martin Necas is hit by Ilya Mikheyev.
1:52 of 3rd period - Torey Krug is hit by William Carrier and loses puck.
2:17 of 3rd period - Snap shot by Samuel Honzek.
2:17 of 3rd period - Shot Blocked by Victor Hedman.
2:19 of 3rd period - Slapshot by Charlie McAvoy.
2:19 of 3rd period - Stopped by Jack Campbell with a rebound.
2:21 of 3rd period - Slapshot by Samuel Honzek.
2:21 of 3rd period - Shot Blocked by Jakob Silfverberg.
2:23 of 3rd period - Slapshot by Charlie McAvoy.
2:23 of 3rd period - Stopped by Jack Campbell without a rebound.
2:24 of 3rd period - Nicolas Roy wins face-off versus Alex Tuch in Lightning zone.
2:27 of 3rd period - Slapshot by Daniel Sprong.
2:27 of 3rd period - Stopped by Jack Campbell without a rebound.
2:28 of 3rd period - Alex Tuch wins face-off versus Nicolas Roy in Lightning zone.
2:30 of 3rd period - Minor Penalty to Martin Necas for Holding.
2:31 of 3rd period - Alex Tuch wins face-off versus Kevin Hayes in Lightning zone.
2:43 of 3rd period - Snap shot by Vladislav Namestnikov.
2:43 of 3rd period - Stopped by John Gibson without a rebound.
2:44 of 3rd period - Dalibor Dvorsky wins face-off versus Kevin Hayes in Red Wings zone.
2:45 of 3rd period - Slapshot by Adam Fox.
2:45 of 3rd period - Shot Blocked by Ilya Mikheyev.
2:59 of 3rd period - Backhand shot by Ilya Mikheyev.
2:59 of 3rd period - Shot Misses the Net.
3:09 of 3rd period - Artem Zub is hit by Adam Fox and loses puck.
3:34 of 3rd period - Slapshot by Charlie McAvoy.
3:34 of 3rd period - Shot Misses the Net.
4:26 of 3rd period - Brayden Point is hit by Duncan Keith and loses puck.
4:30 of 3rd period - Penalty to Martin Necas is over, Martin Necas is back on ice.
4:37 of 3rd period - Martin Necas is hit by Drake Batherson and loses puck.
5:17 of 3rd period - Snap shot by Brayden Point.
5:17 of 3rd period - Shot Misses the Net.
5:19 of 3rd period - Snap shot by Mario Ferraro.
5:19 of 3rd period - Stopped by Jack Campbell with a rebound.
5:53 of 3rd period - Snap shot by Brayden Point.
5:53 of 3rd period - Stopped by Jack Campbell without a rebound.
5:54 of 3rd period - Kevin Hayes wins face-off versus Dalibor Dvorsky in Lightning zone.
5:59 of 3rd period - Wrist shot by Kevin Hayes.
5:59 of 3rd period - Deflect By Ryan Johansen.
5:59 of 3rd period - Deflect By Victor Hedman.
5:59 of 3rd period - Shot Blocked by Adam Fox.
5:59 of 3rd period - Puck is out of play.
6:00 of 3rd period - Dalibor Dvorsky wins face-off versus Ilya Mikheyev in Lightning zone.
6:00 of 3rd period - Dalibor Dvorsky is hit by Ilya Mikheyev.
6:14 of 3rd period - Snap shot by Ryan Johansen.
6:14 of 3rd period - Stopped by Jack Campbell without a rebound.
6:15 of 3rd period - Dalibor Dvorsky wins face-off versus Nicolas Roy in Lightning zone.
6:22 of 3rd period - Snap shot by Warren Foegele.
6:22 of 3rd period - Shot Misses the Net.
6:49 of 3rd period - Wrist shot by Ilya Mikheyev.
6:49 of 3rd period - Shot Misses the Net.
7:18 of 3rd period - Warren Foegele is hit by Luke Evangelista and loses puck.
7:33 of 3rd period - Snap shot by Kevin Hayes.
7:33 of 3rd period - Shot Misses the Net.
7:39 of 3rd period - Matt Grzelcyk is hit by Matt Benning and loses puck.
7:52 of 3rd period - Duncan Keith is hit by Jordan Greenway and loses puck.
8:56 of 3rd period - Duncan Keith is hit by Nicolas Roy and loses puck.
9:29 of 3rd period - Jeff Carter is hit by Samuel Honzek and loses puck.
9:58 of 3rd period - Warren Foegele is hit by Daniel Sprong and loses puck.
10:40 of 3rd period - Icing by Mario Ferraro.
10:41 of 3rd period - Brayden Point wins face-off versus Alex Steeves in Red Wings zone.
10:41 of 3rd period - Brayden Point is hit by Jakob Silfverberg.
10:47 of 3rd period - Rafael Harvey-Pinard is hit by Mario Ferraro and loses puck.
11:09 of 3rd period - Slapshot by Daniel Sprong.
11:09 of 3rd period - Shot Misses the Net.
11:25 of 3rd period - Off-side.
11:26 of 3rd period - Kevin Hayes wins face-off versus Vladislav Namestnikov in neutral zone.
11:58 of 3rd period - Slapshot by Torey Krug.
11:58 of 3rd period - Stopped by Jack Campbell with a rebound.
12:00 of 3rd period - Slapshot by Daniel Sprong.
12:00 of 3rd period - Stopped by Jack Campbell without a rebound.
12:01 of 3rd period - Vladislav Namestnikov wins face-off versus Nicolas Roy in Lightning zone.
12:01 of 3rd period - Vladislav Namestnikov is hit by Nicolas Roy.
12:09 of 3rd period - Slapshot by Adam Fox.
12:09 of 3rd period - Stopped by John Gibson without a rebound.
12:10 of 3rd period - Jakob Silfverberg wins face-off versus Nicolas Roy in Red Wings zone.
12:33 of 3rd period - Snap shot by Luke Evangelista.
12:33 of 3rd period - Shot Blocked by Jakob Silfverberg.
12:35 of 3rd period - Slapshot by Travis Hamonic.
12:35 of 3rd period - Stopped by Jack Campbell with a rebound.
13:03 of 3rd period - Wrist shot by Luke Evangelista.
13:03 of 3rd period - Shot Misses the Net.
13:23 of 3rd period - Backhand shot by Luke Evangelista.
13:23 of 3rd period - Shot Misses the Net.
13:25 of 3rd period - Wrist shot by Luke Evangelista.
13:25 of 3rd period - Goal by Luke Evangelista - Lightning : 3 - Red Wings : 5.
13:26 of 3rd period - Kevin Hayes wins face-off versus Martin Necas in neutral zone.
13:26 of 3rd period - Kevin Hayes is hit by Martin Necas.
13:38 of 3rd period - Slapshot by Torey Krug.
13:38 of 3rd period - Shot Misses the Net.
13:40 of 3rd period - Slapshot by Charlie McAvoy.
13:40 of 3rd period - Stopped by Jack Campbell without a rebound.
13:41 of 3rd period - Brayden Point wins face-off versus Dalibor Dvorsky in Lightning zone.
13:42 of 3rd period - Wrist shot by Drake Batherson.
13:42 of 3rd period - Deflect By Logan Couture.
13:42 of 3rd period - Shot Blocked by Warren Foegele.
13:42 of 3rd period - Puck is out of play.
13:43 of 3rd period - Brayden Point wins face-off versus William Carrier in Lightning zone.
14:39 of 3rd period - Icing by Jakob Silfverberg.
14:40 of 3rd period - Vladislav Namestnikov wins face-off versus Brayden Point in Lightning zone.
14:40 of 3rd period - Vladislav Namestnikov is hit by Drake Batherson.
15:21 of 3rd period - Snap shot by Alex Tuch.
15:21 of 3rd period - Shot Misses the Net.
15:27 of 3rd period - Minor Penalty to Artem Zub for Tripping.
15:28 of 3rd period - Dalibor Dvorsky wins face-off versus Brayden Point in Red Wings zone.
15:43 of 3rd period - Snap shot by William Carrier.
15:43 of 3rd period - Stopped by John Gibson without a rebound.
15:44 of 3rd period - Brayden Point wins face-off versus Martin Necas in Red Wings zone.
16:17 of 3rd period - Slapshot by Victor Hedman.
16:17 of 3rd period - Shot Blocked by Mario Ferraro.
16:19 of 3rd period - Snap shot by Dalibor Dvorsky.
16:19 of 3rd period - Stopped by John Gibson without a rebound.
16:20 of 3rd period - Brayden Point wins face-off versus Warren Foegele in Red Wings zone.
16:41 of 3rd period - Snap shot by Dalibor Dvorsky.
16:41 of 3rd period - Stopped by John Gibson without a rebound.
16:42 of 3rd period - Brayden Point wins face-off versus Martin Necas in Red Wings zone.
17:27 of 3rd period - Penalty to Artem Zub is over, Artem Zub is back on ice.
17:37 of 3rd period - Snap shot by Drake Batherson.
17:37 of 3rd period - Goal by Drake Batherson - Lightning : 3 - Red Wings : 6.
17:38 of 3rd period - Kevin Hayes wins face-off versus Martin Necas in neutral zone.
17:41 of 3rd period - Slapshot by Charlie McAvoy.
17:41 of 3rd period - Stopped by Jack Campbell without a rebound.
17:42 of 3rd period - Alex Tuch wins face-off versus Kevin Hayes in Lightning zone.
18:17 of 3rd period - Wrist shot by Daniel Sprong.
18:17 of 3rd period - Stopped by Jack Campbell with a rebound.
18:19 of 3rd period - Minor Penalty to Erik Cernak for High sticking.
18:20 of 3rd period - Dalibor Dvorsky wins face-off versus Kevin Hayes in Lightning zone.
19:24 of 3rd period - Snap shot by Ryan Johansen.
19:24 of 3rd period - Shot Misses the Net.
19:26 of 3rd period - Snap shot by Ryan Johansen.
19:26 of 3rd period - Shot Blocked by Ben Chiarot.
19:28 of 3rd period - Wrist shot by Ilya Mikheyev.
19:28 of 3rd period - Shot Blocked by Ben Chiarot.
19:30 of 3rd period - Wrist shot by Ilya Mikheyev.
19:30 of 3rd period - Goal by Ilya Mikheyev - Lightning : 3 - Red Wings : 7.
19:31 of 3rd period - Martin Necas wins face-off versus Brayden Point in neutral zone.
19:40 of 3rd period - Slapshot by Alex Tuch.
19:40 of 3rd period - Stopped by John Gibson with a rebound.
19:47 of 3rd period - Jeff Carter beats up Charlie McAvoy.
19:47 of 3rd period - Penalty to Charlie McAvoy for Fighting.
19:47 of 3rd period - Penalty to Jeff Carter for Fighting.
19:48 of 3rd period - Brayden Point wins face-off versus William Carrier in neutral zone.
19:48 of 3rd period - Brayden Point is hit by Warren Foegele.
Goals for this period are 0 for Lightning vs 4 for Red Wings.
Shots for this period are 6 for Lightning vs 17 for Red Wings.